 Dungeon Crawl Stone Soup version 0.29.1-15-g9cfb28693d (webtiles) character file.

Game seed: 17171545925024350308

2 Alturiack the Digger (level 1, 14/14 HPs)
             Began as a Ghoul Earth Elementalist on Apr 10, 2023.
             Safely got out of the dungeon.
             The game lasted 00:00:45 (196 turns).

Alturiack the Digger (Ghoul Earth Elementalist)      Turns: 196, Time: 00:00:45

Health: 14/14      AC:  2    Str: 11    XL:     1   Next: 40%
Magic:  2/2        EV: 12    Int: 10    God:
Gold:   0          SH:  0    Dex:  9    Spells: 2/3 levels left

rFire   . . .      SeeInvis .   (no weapon)
rCold   + . .      Faith    .   (no shield)
rNeg    + + +      Spirit   .   a - +0 robe
rPois   ∞          Reflect  .   (no helmet)
rElec   .          Harm     .   (no cloak)
rCorr   .          Rampage  .   (no gloves)
Will    .....                   (no boots)
Stlth   ++........              (no amulet)
HPRegen 0.04/turn               (no ring)
MPRegen 0.08/turn               (no ring)

@: no status effects
A: claws 1, cold resistance 1, negative energy resistance 3, inhibited
regeneration, torment resistance 2, devour on kill
a: no special abilities


You escaped.
You visited 1 branch of the dungeon, and saw 1 of its levels.

Inventory:

Armour
 a - a +0 robe (worn)
Scrolls
 c - a scroll of identify {unknown}
Potions
 b - a potion of magic


   Skills:
 - Level 1.8 Dodging
 - Level 2.2 Stealth
 + Level 1.8 Spellcasting
 + Level 1.0 Transmutations
 + Level 3.3 Earth Magic


You had 2 spell levels left.
You knew the following spells:

 Your Spells              Type           Power      Damage    Failure   Level
a - Sandblast             Erth           14%        2d6       9%          1

Your spell library contained the following spells:

 Spells                   Type           Power      Damage    Failure   Level
 Passwall                 Tmut/Erth      4%         N/A       21%         2
 Stone Arrow              Conj/Erth      8%         3d7       43%         3
 Petrify                  Tmut/Erth      5%         N/A       78%         4


Dungeon Overview and Level Annotations

Branches:
Dungeon (1/15)

Altars:


Innate Abilities, Weirdness & Mutations

You are immune to poison.
You have sharp fingernails.
Your flesh is cold resistant. (rC+)
You are immune to negative energy. (rN+++)
You do not regenerate when monsters are visible.
You are immune to unholy pain and torment.
You thrive by killing the living.


Message History

Found an escape hatch in the floor.
Found a staircase leading out of the dungeon.
You open the large door.
An endoplasm comes into view.
Aiming: Sandblast (safe; 9% risk of failure)
Press: ? - help, Q - select action Shift-Dir - straight line, f - endoplasm
Aim: an endoplasm (asleep, 100% to hit)
The blast of sand hits the endoplasm.
You kill the endoplasm!
Magic restored.
There is a large open door here.
A goblin comes into view. It is wielding a +0 club.
A goblin is nearby!
Aiming: Sandblast (safe; 9% risk of failure)
Press: ? - help, Q - select action Shift-Dir - straight line, f - you
Okay, then.
The goblin shouts!
Found a scroll labelled VEISCHI YSCHA.
The goblin hits you but does no damage.
You scratch the goblin but do no damage.
The goblin barely misses you.
You closely miss the goblin. The goblin hits you but does no damage.
You closely miss the goblin. The goblin hits you with a +0 club.
You closely miss the goblin. The goblin hits you but does no damage.
You barely miss the goblin. The goblin hits you with a +0 club.
You scratch the goblin.
You kill the goblin!
Your Transmutations skill increases to level 1!
Things that are here:
a +0 club; a goblin corpse HP restored.
c - a scroll labelled VEISCHI YSCHA A dart slug comes into view.
Things that are here:
a +0 club; a goblin corpse
There is a large open door here.
Sorry, I don't know how to traverse that place.
There is a staircase leading out of the dungeon here.
Are you sure you want to leave the Dungeon?
This will make you lose the game!
You have escaped!

###§'###
###§≈..≈§###
##≈≈≈≈..≈§≈≈##
#§≈≈#≈..≈#§≈≈#
#§≈≈≈≈..≈≈≈§§##
#≈§≈≈≈≈..§≈≈§≈§#
#≈≈≈§§#..#≈§≈§§#
≈≈#§≈#..#≈§#§§#
≈≈≈≈≈#>@#≈≈≈§≈#
≈≈§≈ ####≈≈§§≈#
≈§≈ §§§≈# ≈§##


There were no monsters in sight!

Vanquished Creatures
  An endoplasm (D:1)
  A goblin (D:1)
2 creatures vanquished.

Notes
Turn   | Place    | Note
-------+----------+-------------------------------------------
     0 | D:1      | Alturiack the Ghoul Earth Elementalist began the quest for
                  | the Orb.
     0 | D:1      | Reached XP level 1. HP: 14/14 MP: 2/2
    37 | D:1      | Reached skill level 1 in Transmutations
   196 | D:$      | Safely got out of the dungeon.

Illustrated notes

Levels and vault maps discovered:
D:1:      lightli_molten_gateway, layout_loops_ring

Skill      XL: |  1 |
---------------+----+-----
Transmutations | 1 |  1.0
Dodging        | |  1.8
Stealth        | |  2.2
Spellcasting   | |  1.8
Earth Magic    | |  3.3

Action                   || total
-------------------------++-------
Melee: Unarmed           ||     6
 Cast: Sandblast         ||     1
Armor: Robe              ||     3
Dodge: Dodged            ||     1
